 Seeded DCSS version 0.29-a0-96-g93358da72b (webtiles) character file.

Game seed: 8896313398491821788 (custom seed)

183 innerfire433 the Ducker (level 5, -1/41 HPs)
             Began as a Djinni Monk on Feb 10, 2022.
             Slain by a jackal (2 damage)
             ... on level 4 of the Dungeon.
             The game lasted 00:05:20 (3094 turns).

innerfire433 the Ducker (Djinni Monk)               Turns: 3094, Time: 00:05:21

Health: -1/41      AC:  3    Str: 12    XL:     5   Next: 94%
Gold:   118        EV: 14    Int: 11    God:
                   SH:  0    Dex: 16

rFire   + + .      SeeInvis .   f - +3 spear (freeze)
rCold   x . .      Faith    .   (no shield)
rNeg    . . .      Spirit   .   b - +0 robe
rPois   ∞          Reflect  .   (no helmet)
rElec   .          Harm     .   (no cloak)
rCorr   .          Rampage  .   k - +0 pair of gloves
Will    .....                   (boots unavailable)
Stlth   ++........              (no amulet)
HPRegen 0.13/turn               (no ring)
MPRegen 0.00/turn               (no ring)

@: attractive, flying
A: sickness immunity, fire resistance 2, cold vulnerability 1, float, innate
caster, HP casting, extra vitality 1
a: no special abilities


You were on level 4 of the Dungeon.
You visited 1 branch of the dungeon, and saw 4 of its levels.

You collected 118 gold pieces.

Inventory:

Hand Weapons
 a - a +0 spear
 f - a +3 spear of freezing (weapon)
Missiles
 j - a throwing net (quivered)
Armour
 b - a +0 robe (worn)
 k - a +0 pair of gloves (worn)
Wands
 o - a wand of charming (4)
Scrolls
 c - 2 scrolls of immolation {unknown}
 d - a scroll of fear {unknown}
 g - a scroll of amnesia
 h - a scroll of fog {unknown}
 i - 3 scrolls of identify {unknown}
 m - 2 scrolls of vulnerability {unknown}
Potions
 l - a potion of brilliance {unknown}
 n - a potion of attraction
 p - a potion of haste {unknown}


   Skills:
 + Level 3.9 Fighting
 + Level 3.2 Polearms
 * Level 5.2 Dodging
 - Level 1.7 Stealth


You had one spell level left.
You knew the following spells:

 Your Spells              Type           Power      Damage    Failure   Level
a - Freeze                Ice            0%         1d3       34%         1
b - Corpse Rot            Necr/Air       0%         N/A       47%         2
Your spell library was empty.

Dungeon Overview and Level Annotations

Branches:
Dungeon (4/15)
 Temple: D:4-7

Altars:


Innate Abilities, Weirdness & Mutations

You are immune to sickness and miasma.
You are immune to poison.
Your flesh is very heat resistant. (rF++)
You are vulnerable to cold. (rC-)
You float through the air rather than walking.
You learn spells naturally, not from books.
Your magical power is your life essence.
You have superior vitality. (+4 MHP)


Message History

The jackal is heavily wounded.
The jackal closely misses you.
The jackal bites you but does no damage.
The hound skeleton barely misses you.
You closely miss the jackal.
The jackal is heavily wounded.
The jackal bites you but does no damage.
The jackal barely misses you. The hound skeleton bites you.
* * * LOW HITPOINT WARNING * * *
The jackal bites you.
* * * LOW HITPOINT WARNING * * *
The jackal misses you.
You hit the jackal but do no damage.
The jackal is heavily wounded.
The hound skeleton closely misses you. The jackal closely misses you.
The jackal bites you.
* * * LOW HITPOINT WARNING * * *
As you read the scroll labelled CISURH AQOPS, it crumbles to dust.
It is a scroll of amnesia.
You feel forgetful for a moment. The hound skeleton bites you.
* * * LOW HITPOINT WARNING * * *
The jackal bites you.
* * * LOW HITPOINT WARNING * * *
The jackal barely misses you.
The hound skeleton completely misses you.
The jackal bites you but does no damage.
As you read the scroll labelled AMPUAC NIOGU, it crumbles to dust.
Your body is wracked with pain!
* * * LOW HITPOINT WARNING * * *
The jackal convulses! x2; The kobold convulses!
It was a scroll of torment.
The jackal barely misses you.
The hound skeleton bites you but does no damage.
The jackal barely misses you. The jackal bites you.
* * * LOW HITPOINT WARNING * * *
It was a potion of attraction.
You feel attractive to monsters. The jackal closely misses you.
The hound skeleton bites you but does no damage.
The jackal bites you.
You die...

#....>. .....Z.
....... ##.Z.....
##...8.... ##..#
#hK#...# ##h##.###
##h@##.# ##...Z..#
#....#########
.....###<.......#
.. .##..
#........##... #.
#............. ..
##........###..
...###.........#
#..
........<....##..#


You could see 3 jackals, a kobold, an adder skeleton (wandering) and a hound
skeleton.

Vanquished Creatures
  A killer bee (D:4)
  2 adders
  4 gnolls (D:3)
  2 worms (D:3)
  A dart slug (D:2)
  An orc (D:3)
  10 endoplasms
  2 giant cockroaches
  7 goblins
  5 hobgoblins
  5 jackals
  6 kobolds
  6 quokkas
  4 ball pythons
  3 bats
  3 frilled lizards
  9 rats
  A spectral goblin (D:2)
72 creatures vanquished.

Notes
Turn   | Place    | Note
-------+----------+-------------------------------------------
     0 | D:1      | innerfire433 the Djinni Monk began the quest for the Orb.
     0 | D:1      | Reached XP level 1. HP: 20/20 MP: 0/0
     3 | D:1      | Noticed a minotaur skeleton
     5 | D:1      | Noticed a vampire
     9 | D:1      | Noticed a demonspawn zombie
    15 | D:1      | Noticed a human
   193 | D:1      | Reached XP level 2. HP: 25/25 MP: 0/0
   401 | D:1      | Reached XP level 3. HP: 20/30 MP: 0/0
   401 | D:1      | Learned a level 1 spell: Freeze
  1005 | D:2      | Reached skill level 4 in Dodging
  1351 | D:2      | Reached XP level 4. HP: 16/35 MP: 0/0
  1858 | D:2      | Found a faded altar of an unknown god.
  2173 | D:3      | Reached XP level 5. HP: 22/40 MP: 0/0
  2173 | D:3      | Learned a level 2 spell: Corpse Rot
  2894 | D:3      | Reached skill level 5 in Dodging
  3093 | D:4      | HP: 1/41 [jackal (2)]
  3094 | D:4      | Slain by a jackal

Illustrated notes

Levels and vault maps discovered:
D:1:      shiori_arrival_whats_in_store_for_you, layout_rooms,
          chequers_serial_rivers_room_a
D:2:      layout_loops_cross, dreamdust_ecumenical_altar_drowned_temple,
          nrook_campfire, st_stairs_9, kennysheep_boxes
D:3:      minmay_wonky_spiral, layout_rooms, cheibrodos_sewer_entry_bend
D:4:      layout_rooms, minmay_temple_entry_hall, nicolae_ossuary_entry_plus,
          st_stairs_1, minmay_misc_feat_pillars, kennysheep_generic_room_8

Skill      XL: |  1  2  3  4  5 |
---------------+----------------+-----
Dodging        | 4 5 |  5.2
Polearms       | 3 |  3.2
Fighting       | |  3.9
Stealth        | |  1.7

Action                   |  1- 3 |  4- 6 || total
-------------------------+-------+-------++-------
Melee: Spear             |   135 |   130 ||   265
       Punch             |       |     1 ||     1
  Use: Potion            |     1 |     5 ||     6
       Scroll            |       |     3 ||     3
 Stab: Sleeping          |     2 |     5 ||     7
       Distracted        |     1 |       ||     1
Armor: Robe              |    31 |    22 ||    53
       Skin              |       |    33 ||    33
Dodge: Dodged            |    78 |    88 ||   166

Table legend: (Time is in decaauts)
 A = Elapsed time spent in this place.
 B = Non-inter-level travel time spent in this place.
 C = Inter-level travel time spent in this place.
 D = Time resting spent in this place.
 E = Time spent auto-exploring this place.
 F = Levels seen in this place.
 G = Mean time per level.
                   A        B        C        D        E       F      G
               +--------+--------+--------+--------+--------+-----+--------+
         Total |   3083 |   3066 |     17 |      0 |   2466 |   4 |  770.8 |
       Dungeon |   3083 |   3066 |     17 |      0 |   2466 |   4 |  770.8 |
               +--------+--------+--------+--------+--------+-----+--------+

Top non-repeatable levels by time:
     D:2: 1369 daAuts
     D:3: 982 daAuts
     D:1: 668 daAuts
     D:4: 63 daAuts
